 Dungeon Crawl Stone Soup version 0.17.0-24-gcfadda4 (webtiles) character file.

76 Peloso the Shield-Bearer (level 4, -2/40 HPs)
             Began as a Minotaur Fighter on Nov 15, 2015.
             Was an Initiate of Okawaru.
             Killed from afar by Sigmund (8 damage)
             ... with a magic dart
             ... on level 3 of the Dungeon.
             The game lasted 00:05:11 (1751 turns).

Peloso the Shield-Bearer (Minotaur Fighter)         Turns: 1751, Time: 00:05:11

Health: -2/40      AC:  7    Str: 21    XL:     4   Next: 12%
Magic:  3/3        EV:  8    Int:  5    God:    Okawaru [......]
Gold:   69         SH:  9    Dex: 10    Spells: 0 memorised, 3 levels left

rFire  . . .     SeeInvis .     a - +0 long sword
rCold  . . .     Clarity  .     b - +0 scale mail
rNeg   . . .     SustAt   +     c - +0 shield
rPois  .         Gourm    .     (helmet restricted)
rElec  .         Spirit   .     (no cloak)
rCorr  .         Warding  .     (no gloves)
rMut   .         Stasis   .     (no boots)
MR     .....                    (no amulet)
Stlth  ..........               (no ring)
                                k - ring of sustain attributes

@: not resistant to hostile enchantments, extremely unstealthy
A: retaliatory headbutt, horns 2
a: Renounce Religion


You were on level 3 of the Dungeon.
You worshipped Okawaru.
Okawaru was noncommittal.
You were not hungry.

You visited 1 branch of the dungeon, and saw 3 of its levels.

You collected 69 gold pieces.

Inventory:

Hand Weapons
 a - a +0 long sword (weapon)
Armour
 b - a +0 scale mail (worn)
 c - a +0 shield (worn)
Jewellery
 k - a ring of sustain attributes (left hand)
Scrolls
 j - a scroll of recharging {unknown}
 n - a scroll of amnesia {unknown}
Potions
 d - a potion of might
 g - 2 potions of flight
 l - 2 potions of curing
 m - a potion of cancellation
Comestibles
 e - 4 bread rations
 i - 7 chunks of flesh


   Skills:
 + Level 4.2 Fighting
 + Level 3.2 Long Blades
 + Level 4.1 Armour
 + Level 1.0 Dodging
 + Level 0.1 Stealth
 + Level 4.4 Shields


You had 3 spell levels left.
You didn't know any spells.

Dungeon Overview and Level Annotations

Branches:
Dungeon (3/15)

Altars:
Elyvilon
Makhleb
Nemelex Xobeh
Okawaru
Qazlal
Trog
Xom
Yredelemnul

Annotations:
D:3 Sigmund


Innate Abilities, Weirdness & Mutations

You reflexively headbutt those who attack you in melee.
You have a pair of horns on your head.


Message History

You're too confused to attack without stumbling around!
You barely miss something. Something hits you.
You bump into the rock wall.
Something hits you.
You bump into the rock wall.
Something hits you.
You miss something.
You feel less confused.
You closely miss something. You headbutt something. Something hits you.
You miss something. You headbutt something. Something hits you!
* * * LOW HITPOINT WARNING * * *
You miss something. Something hits you.
* * * LOW HITPOINT WARNING * * *
Drink which item? (? for menu, Esc to quit)
You feel better. Something hits you!
* * * LOW HITPOINT WARNING * * *
Your shield and scale mail prevent you from hitting something.
You headbutt something.
You hear some strange, mumbled words.
A magic dart appears from out of thin air!
The magic dart hits you!
You die...

.............#
.............#
#.........)########
#.................
####....#........).#
#...........###....
..##>..#..#.# #...#
.###.####...####.{#
.....####.....##@.#
##...(.........#..# #
##.######.........##...#
##.####.......>#.........
....)...........#.#######
.##.............###
.#####...#......# ##
#..#_#.....# ##..#.....##


There were no monsters in sight!

Vanquished Creatures
  3 adders
  An ooze (D:3)
  A giant gecko (D:2)
  An orc (D:3)
  2 giant cockroaches (D:2)
  3 hobgoblins
  8 jackals (D:2)
  4 kobolds
  A quokka (D:2)
  A ball python (D:1)
  4 bats
  4 giant newts
  4 goblins
  9 rats
46 creatures vanquished.

Vanquished Creatures (others)
  4 toadstools (D:1)
4 creatures vanquished.

Grand Total: 50 creatures vanquished

Notes
Turn   | Place    | Note
--------------------------------------------------------------
     0 | D:1      | Peloso the Minotaur Fighter began the quest for the Orb.
     0 | D:1      | Reached XP level 1. HP: 19/19 MP: 0/0
   340 | D:1      | Reached XP level 2. HP: 27/27 MP: 1/1
   439 | D:1      | Reached skill level 4 in Shields
   754 | D:2      | Found a basalt altar of Yredelemnul.
  1181 | D:2      | Reached XP level 3. HP: 33/33 MP: 2/2
  1252 | D:2      | Found an iron altar of Okawaru.
  1253 | D:2      | Found a bloodstained altar of Trog.
  1257 | D:2      | Became a worshipper of Warmaster Okawaru
  1370 | D:2      | Found a burning altar of Makhleb.
  1388 | D:2      | Found a stormy altar of Qazlal.
  1391 | D:2      | Found a shimmering altar of Xom.
  1405 | D:2      | Found a sparkling altar of Nemelex Xobeh.
  1492 | D:2      | Found a white marble altar of Elyvilon.
  1701 | D:3      | Found a faded altar to an unknown god.
  1724 | D:3      | Reached skill level 1 in Dodging
  1724 | D:3      | Reached XP level 4. HP: 35/40 MP: 3/3
  1735 | D:3      | Noticed Sigmund
  1751 | D:3      | Killed from afar by Sigmund

Action                   |  1- 3 |  4- 6 || total
-------------------------+-------+-------++-------
Melee: Long sword        |   120 |     8 ||   128
  Use: Scroll            |     4 |       ||     4
       Potion            |       |     1 ||     1
  Eat: Chunk             |     3 |       ||     3
